 Dungeon Crawl Stone Soup version 0.22-a0-479-gc6e99f3 (webtiles) character file.

254 gmonis the Basher (level 5, -1/45 HPs)
             Began as a Minotaur Berserker on June 14, 2018.
             Was a Priest of Trog.
             Slain by a worker ant (4 damage)
             ... on level 4 of the Dungeon.
             The game lasted 00:04:05 (3122 turns).

gmonis the Basher (Minotaur Berserker)              Turns: 3122, Time: 00:04:06

Health: -1/45      AC:  2    Str: 22    XL:     5   Next: 90%
Magic:  4/4        EV: 12    Int:  4    God:    Trog [***...]
Gold:   145        SH:  0    Dex: 10    Spells: 4/4 levels left

rFire    . . .     SeeInvis .   a - +0 mace
rCold    . . .     Gourm    .   (no shield)
rNeg     . . .     Faith    .   b - +0 animal skin
rPois    .         Spirit   .   (helmet restricted)
rElec    .         Reflect  .   (no cloak)
rCorr    .         Harm     .   (no gloves)
MR       .....                  (no boots)
Stlth    +.........             (no amulet)
HPRegen  0.15/turn              (no ring)
MPRegen  0.09/turn              (no ring)

@: lethally poisoned (-1 -> -16)
A: retaliatory headbutt, horns 2
a: Berserk, Trog's Hand, Renounce Religion


You were on level 4 of the Dungeon.
You worshipped Trog.
Trog was most pleased with you.
You were not hungry.

You visited 1 branch of the dungeon, and saw 4 of its levels.

You collected 145 gold pieces.

Inventory:

Hand Weapons
 a - a +0 mace (weapon)
Missiles
 n - 119 stones (quivered)
Armour
 b - a +0 animal skin (worn)
Jewellery
 h - an uncursed ring of flight {unknown}
 k - a cursed ring of loudness {unknown}
 m - a cursed -2 ring of evasion {unknown}
 r - a cursed ring of protection from cold {unknown}
Wands
 s - a wand of clouds (6)
Scrolls
 f - 4 scrolls of identify {unknown}
 p - 2 scrolls of enchant armour {unknown}
 q - a scroll of fog {unknown}
 t - 2 scrolls of remove curse {unknown}
 u - a scroll of enchant weapon {unknown}
 v - a scroll of immolation {unknown}
Potions
 d - 2 potions of mutation {unknown}
 e - a potion of lignification {unknown}
 g - a potion of magic {unknown}
 i - a potion of degeneration {unknown}
 j - a potion of flight {unknown}
 l - 2 potions of curing {unknown}
Comestibles
 c - 11 rations
 o - 2 chunks of flesh


   Skills:
 + Level 3.6 Fighting
 + Level 8.1 Maces & Flails
 * Level 2.4 Armour
 - Level 2.1 Dodging


You had 4 spell levels left.
You didn't know any spells.
Your spell library was empty.

Dungeon Overview and Level Annotations

Branches:
Dungeon (4/15)
 Temple: D:4-7

Altars:


Innate Abilities, Weirdness & Mutations

You reflexively headbutt those who attack you in melee.
You have a pair of horns on your head.


Message History

You are lethally poisoned!
The worker ant poisons you!
You barely miss the worker ant. Your headbutt misses the worker ant.
The worker ant is moderately wounded.
You feel sick. The worker ant bites you.
You thump the worker ant!
The worker ant is severely wounded.
* * * LOW HITPOINT WARNING * * *
You feel sick. The worker ant closely misses you. You furiously retaliate!
You headbutt the worker ant. You hit the worker ant.
The worker ant is almost dead.
* * * LOW HITPOINT WARNING * * *
You feel sick. The worker ant bites you.
* * * LOW HITPOINT WARNING * * *
You hit the worker ant but do no damage.
The worker ant is almost dead.
* * * LOW HITPOINT WARNING * * *
You feel sick. The worker ant bites you.
You die...

#....#
+####....#######
................
................
................
................
#.........>....
#....a@........
#.....#'####..
#.....#....#
#######....#
#.....# #.....#
#.....##+#
#........#
.....#.......#


You could see a worker ant.

Vanquished Creatures
  Natasha (thrice) (D:2)
  An orc wizard (D:3)
  Robin (D:3)
  5 adders
  2 oozes
  4 worms
  2 leopard geckos
  4 orcs (D:3)
  8 bats
  2 giant cockroaches
  15 goblins
  7 hobgoblins
  3 jackals (D:1)
  A quokka (D:3)
  3 ball pythons
  6 frilled lizards
  3 kobolds
  10 rats
80 creatures vanquished.

Notes
Turn   | Place    | Note
-------+----------+-------------------------------------------
     0 | D:1      | gmonis the Minotaur Berserker began the quest for the Orb.
     0 | D:1      | Reached XP level 1. HP: 19/19 MP: 0/0
    60 | D:1      | Reached skill level 4 in Maces & Flails
   187 | D:1      | Reached XP level 2. HP: 26/26 MP: 1/1
   407 | D:1      | Reached skill level 5 in Maces & Flails
   475 | D:1      | Reached XP level 3. HP: 31/31 MP: 2/2
   544 | D:1      | Reached ** piety under Trog
  1047 | D:2      | Noticed Natasha
  1054 | D:2      | Killed Natasha
  1054 | D:2      | Reached skill level 6 in Maces & Flails
  1054 | D:2      | Reached XP level 4. HP: 38/39 MP: 3/3
  1177 | D:2      | Noticed Natasha
  1182 | D:2      | Killed Natasha
  1443 | D:2      | Noticed Natasha
  1447 | D:2      | Killed Natasha
  1447 | D:2      | Reached XP level 5. HP: 44/45 MP: 4/4
  1526 | D:2      | Reached skill level 7 in Maces & Flails
  1860 | D:3      | Noticed Robin
  1972 | D:3      | Killed Robin
  1986 | D:3      | Reached *** piety under Trog
  2376 | D:3      | Reached skill level 8 in Maces & Flails
  3122 | D:4      | Slain by a worker ant

Vault maps used:
D:1:      moated_graveyard_arrival
D:2:      hex_tiny, uniq_natasha
D:3:      dk_vineyard_2, uniq_robin
D:4:      lemuel_doored_altar, first_ration

Skill      XL: |  1  2  3  4  5 |
---------------+----------------+-----
Maces & Flails | 4 5 6 8 |  8.1
Fighting       | |  3.6
Armour         | |  2.4
Dodging        | |  2.1

Action                   |  1- 3 |  4- 6 || total
-------------------------+-------+-------++-------
Melee: Mace              |    65 |   119 ||   184
       Headbutt          |     4 |     9 ||    13
Invok: Berserk           |     1 |       ||     1
 Stab: Sleeping          |     1 |       ||     1
  Eat: Chunk             |       |     8 ||     8
Armor: Animal skin       |    16 |    18 ||    34
Dodge: Dodged            |    56 |    81 ||   137

Table legend:
 A = Spawn XP
 B = Non-spawn XP
 C = Spawn XP percentage of total XP
 D = Spawn monster count
 E = Non-spawn monster count
 F = Spawn count percentage of total count
 G = Total turns spent on level
                    A         B        C        D         E        F      G
               +---------+---------+-------+---------+---------+-------+---------
         Total |       0 |     363 |   0.0 |       0 |      80 |   0.0 |  3122
               +---------+---------+-------+---------+---------+-------+---------
           D:1 |       0 |      45 |   0.0 |       0 |      26 |   0.0 |   859
           D:2 |       0 |     161 |   0.0 |       0 |      20 |   0.0 |   941
           D:3 |       0 |     152 |   0.0 |       0 |      33 |   0.0 |  1213
           D:4 |       0 |       5 |   0.0 |       0 |       1 |   0.0 |   109
               +---------+---------+-------+---------+---------+-------+---------
